 Dungeon Crawl Stone Soup version 0.28-a0-80-g9707f7362f (webtiles) character file.

Game seed: 12612943036791771798

2602 wirefist the Thaumaturge (level 9, -4/58 HPs)
             Began as a Djinni Ice Elementalist on Aug 5, 2021.
             Slain by an ice beast (15 damage)
             ... on level 6 of the Dungeon.
             The game lasted 00:40:01 (10198 turns).

wirefist the Thaumaturge (Djinni Ice Elementalist) Turns: 10198, Time: 00:40:01

Health: -4/58      AC:  4    Str:  8    XL:     9   Next: 90%
Gold:   404        EV: 12    Int: 20    God:
                   SH:  4    Dex: 13

rFire   + + .      SeeInvis .   h - +0 whip (elec)
rCold   x . .      Faith    .   q - +0 buckler
rNeg    + . .      Spirit   .   a - +1 robe
rPois   ∞          Reflect  .   c - +0 helmet "Afoir" {Will+}
rElec   .          Harm     .   (no cloak)
rCorr   +          Rampage  .   (no gloves)
Will    +....                   (boots unavailable)
Stlth   ++........              (no amulet)
HPRegen 0.19/turn               d - ring of resist corrosion
MPRegen 0.00/turn               j - ring of positive energy

@: flying
A: sickness immunity, fire resistance 2, cold vulnerability 1, float, innate
caster, hp casting, extra vitality 1
a: no special abilities


You were on level 6 of the Dungeon.
You visited 2 branches of the dungeon, and saw 7 of its levels.
You also visited: Sewer.

You collected 404 gold pieces.

Inventory:

Hand Weapons
 h - a +0 whip of electrocution (weapon)
 A - a +2 dagger of protection
Armour
 a - a +1 robe (worn)
 c - the +0 helmet "Afoir" (worn) {Will+}
   (You acquired it in a sewer)

   Will:      It increases your willpower.
 q - a +0 buckler (worn)
 z - a +2 plate armour of poison resistance
Jewellery
 d - a ring of resist corrosion (left hand)
 j - a ring of positive energy (right hand)
 x - a ring of protection from fire
Wands
 s - a wand of flame (11)
 t - a wand of digging (5)
 w - a wand of iceblast (6)
Scrolls
 i - 3 scrolls of acquirement
 k - a scroll of enchant armour
 l - 3 scrolls of magic mapping
 m - 3 scrolls of identify {unknown}
 n - 3 scrolls of immolation {unknown}
 p - 3 scrolls of teleportation
 r - 2 scrolls of brand weapon
 u - a scroll of vulnerability {unknown}
 v - 2 scrolls of blinking {unknown}
 y - a scroll of amnesia {unknown}
Potions
 b - a potion of attraction {unknown}
 e - 2 potions of resistance
 f - 2 potions of haste
 g - 6 potions of curing
 o - a potion of cancellation


   Skills:
 + Level 1.9 Fighting
 - Level 0.4 Armour
 + Level 3.6 Dodging
 - Level 1.5 Stealth
 * Level 1.6 Shields
 + Level 13.0 Spellcasting


You had 14 spell levels left.
You knew the following spells:

 Your Spells              Type           Power      Damage    Failure   Level
a - Freeze                Ice            100%       1d11      1%          1
b - Frozen Ramparts       Ice            100%       1d12      1%          3
c - Ozocubu's Armour      Ice            60%        N/A       1%          3
d - Hailstorm             Conj/Ice       60%        3d13      1%          4
e - Pain                  Necr           100%       1d9       1%          1
f - Poisonous Vapours     Pois/Air       100%       N/A       1%          2
g - Wereblood             Tmut           60%        N/A       1%          2
h - Animate Armour        Summ/Erth      100%       N/A       1%          4
Your spell library was empty.

Dungeon Overview and Level Annotations

Branches:
Dungeon (6/15)             Temple (1/1) D:5           Sewer (visited)

Altars:
Ashenzari
Cheibriados
Dithmenos
Elyvilon
Fedhas
Gozag
Hepliaklqana
Kikubaaqudgha
Nemelex Xobeh
Okawaru
Ru
Sif Muna
Vehumet
Wu Jian
Xom
Yredelemnul
Zin
The Shining One


Innate Abilities, Weirdness & Mutations

You are immune to sickness and miasma.
You are immune to poison.
Your flesh is very heat resistant. (rF++)
You are vulnerable to cold. (rC-)
You float through the air rather than walking.
You learn spells naturally, not from books.
Your magical power is your life essence.
You have superior vitality. (+4 HP)


Message History

Aiming: Pain (safe; 1% risk of failure)
Press: ? - help, Shift-Dir - straight line, f/p - ice beast
Aim: an ice beast (moderately wounded, chance to affect: 84%)
The ice beast writhes in agony.
The ice beast barely misses you.
Casting: Pain (safe; 1% risk of failure)
Confirm with . or Enter, or press ? or * to list all spells.
Aiming: Pain (safe; 1% risk of failure)
Press: ? - help, Shift-Dir - straight line, f/p - ice beast
Aim: an ice beast (heavily wounded, chance to affect: 84%)
The ice beast writhes in agony!
The ice beast hits you. The ice beast freezes you!
You feel a terrible chill!
Casting: Pain (safe; 1% risk of failure)
Confirm with . or Enter, or press ? or * to list all spells.
Aiming: Pain (safe; 1% risk of failure)
Press: ? - help, Shift-Dir - straight line, f/p - ice beast
Aim: an ice beast (almost dead, chance to affect: 84%)
The ice beast writhes in agony.
The ice beast barely misses you.
Casting: Pain (safe; 1% risk of failure)
Confirm with . or Enter, or press ? or * to list all spells.
Aiming: Pain (safe; 1% risk of failure)
Press: ? - help, Shift-Dir - straight line, f/p - ice beast
Aim: an ice beast (almost dead, chance to affect: 84%)
The ice beast barely resists.
You block the ice beast's attack.
Casting: Pain (safe; 1% risk of failure)
Confirm with . or Enter, or press ? or * to list all spells.
Aiming: Pain (safe; 1% risk of failure)
Press: ? - help, Shift-Dir - straight line, f/p - ice beast
Aim: an ice beast (almost dead, chance to affect: 84%)
The ice beast barely resists.
The ice beast hits you. The ice beast freezes you!
You feel a terrible chill!
* * * LOW HITPOINT WARNING * * *
Casting: Pain (safe; 1% risk of failure)
Confirm with . or Enter, or press ? or * to list all spells.
You don't know that spell.
Unknown command.
An ice beast is nearby!
The ice beast hits you.
* * * LOW HITPOINT WARNING * * *
The ice beast freezes you!
You feel a terrible chill!
You die...

.###..?.........
#####.......)
#..#..... #
#>.#.###. # #..#.#
### ######..#.#
###.. #.......#.#
..... #.#####.#.#
###..
#@#.##.###.#.# ###
#.Y...............
###..........#####
........... ..
..#.####..# #. ..#
# #..# #. ...
#..####) ..##
#....... .##
#.......


You could see an ice beast.

Vanquished Creatures
  A yak (D:5)
  Menkaure (D:4)
  2 water moccasins
  A black bear (D:5)
  A phantom (D:3)
  2 bullfrogs (Sewer)
  2 scorpions (D:5)
  A water moccasin zombie (D:6)
  2 centaur zombies
  A hound (D:6)
  An orc priest (D:6)
  2 jellies
  Ijyb (D:5)
  An iguana (D:6)
  5 orc wizards
  2 hound skeletons (D:4)
  11 adders
  5 gnolls
  3 river rats
  A white imp (D:6)
  5 worms
  An adder skeleton (D:4)
  An adder zombie (D:5)
  3 dart slugs (D:2)
  12 orcs
  20 ball pythons
  9 endoplasms
  3 giant cockroaches
  4 goblins
  8 hobgoblins
  4 jackals (D:4)
  5 quokkas
  4 bats
  5 frilled lizards
  3 kobolds (D:2)
  31 rats
164 creatures vanquished.

Vanquished Creatures (collateral kills)
  A centaur zombie (D:5)
1 creature vanquished.

Grand Total: 165 creatures vanquished

Notes
Turn   | Place    | Note
-------+----------+-------------------------------------------
     0 | D:1      | wirefist the Djinni Ice Elementalist began the quest for
                  | the Orb.
     0 | D:1      | Reached XP level 1. HP: 15/15 MP: 0/0
    20 | D:1      | Found a faded altar of an unknown god.
   272 | D:1      | Reached XP level 2. HP: 19/21 MP: 0/0
   762 | D:1      | Reached XP level 3. HP: 24/25 MP: 0/0
   762 | D:1      | Learned a level 1 spell: Pain
  1208 | D:2      | Reached skill level 4 in Spellcasting
  1223 | D:2      | Reached XP level 4. HP: 14/31 MP: 0/0
  2258 | D:2      | Reached skill level 1 in Fighting
  2258 | D:2      | Reached XP level 5. HP: 24/37 MP: 0/0
  2258 | D:2      | Learned a level 2 spell: Poisonous Vapours
  2997 | D:3      | Found a glowing drain.
  3151 | Sewer    | Entered a sewer
  3960 | Sewer    | Reached XP level 6. HP: 19/42 MP: 0/0
  4188 | Sewer    | Reached skill level 5 in Spellcasting
  4697 | Sewer    | Identified 3 scrolls of acquirement
  4697 | Sewer    | Acquired the +0 helmet "Afoir" {Will+}
  4709 | Sewer    | Reached skill level 11 in Spellcasting
  4709 | Sewer    | Reached XP level 7. HP: 47/47 MP: 0/0
  4709 | Sewer    | Learned a level 2 spell: Wereblood
  4710 | Sewer    | Reached skill level 12 in Spellcasting
  4710 | Sewer    | Reached XP level 8. HP: 52/52 MP: 0/0
  5746 | D:4      | Found a glowing golden altar of the Shining One.
  6006 | D:4      | Found a snail-covered altar of Cheibriados.
  6011 | D:4      | Found a blossoming altar of Fedhas.
  6040 | D:4      | Found an ornate altar of the Wu Jian Council.
  6042 | D:4      | Found a sparkling altar of Nemelex Xobeh.
  6042 | D:4      | Found a basalt altar of Yredelemnul.
  6143 | D:4      | Noticed Menkaure
  6166 | D:4      | Killed Menkaure
  6167 | D:4      | Reached XP level 9. HP: 38/58 MP: 0/0
  6167 | D:4      | Learned a level 4 spell: Animate Armour
  7383 | D:5      | Entered Level 5 of the Dungeon
  7429 | D:5      | Found a staircase to the Ecumenical Temple.
  7434 | Temple   | Entered the Ecumenical Temple
  7652 | D:5      | Found a broken altar of Ashenzari.
  8015 | D:5      | Noticed Ijyb
  8238 | D:5      | Killed Ijyb
  9120 | D:5      | Reached skill level 1 in Shields
  9646 | D:6      | Reached skill level 13 in Spellcasting
 10198 | D:6      | Slain by an ice beast

Illustrated notes

Levels and vault maps discovered:
D:1:      mrwooster_arrival_statue, layout_loops_cross,
          ebering_ecumenical_altar_petrified
D:2:      layout_rooms
D:3:      layout_rooms, cheibrodos_sewer_entry_sluice
D:4:      layout_gridville, grunt_temple_overflow_open,
          mainiacjoe_overflow_surrounded_room, uniq_menkaure
D:5:      minmay_clustersquares, layout_gridville, overflow_temple_1_default,
          mainiacjoe_overflow_boulevard, temple_doors_e, uniq_ijyb
D:6:      layout_loops_ring
Temple:   compressed_dpeg_circular_temple

Skill      XL: |  1  2  3  4  5  6  7  8  9 |
---------------+----------------------------+-----
Spellcasting   | 4 11 12 13 | 13.0
Fighting       | 1 |  1.9
Dodging        | 3 |  3.6
Shields        | 1 |  1.6
Armour         | |  0.4
Stealth        | |  1.5

Action                   |  1- 3 |  4- 6 |  7- 9 || total
-------------------------+-------+-------+-------++-------
Melee: Unarmed           |    10 |       |       ||    10
       Staff             |     4 |     5 |       ||     9
       Whip              |       |       |   107 ||   107
 Cast: Freeze            |    19 |    33 |    63 ||   115
       Pain              |    17 |    34 |    27 ||    78
       Poisonous Vapours |       |    75 |    58 ||   133
       Hailstorm         |       |       |     7 ||     7
       Animate Armour    |       |       |     2 ||     2
       Ozocubu's Armour  |       |       |     1 ||     1
  Use: Scroll            |       |     9 |     1 ||    10
       Potion            |       |     7 |     3 ||    10
 Stab: Sleeping          |     1 |       |       ||     1
Armor: Robe              |     5 |    14 |    39 ||    58
       Plate armour      |       |       |     5 ||     5
Dodge: Dodged            |    29 |    54 |   131 ||   214
Block: Buckler           |       |       |    32 ||    32

Table legend: (Time is in decaauts)
 A = Elapsed time spent in this place.
 B = Non-inter-level travel time spent in this place.
 C = Inter-level travel time spent in this place.
 D = Time resting spent in this place.
 E = Time spent auto-exploring this place.
 F = Levels seen in this place.
 G = Mean time per level.
                   A        B        C        D        E       F      G
               +--------+--------+--------+--------+--------+-----+--------+
         Total |  10221 |  10025 |    196 |   3554 |   4334 |   8 | 1277.6 |
       Dungeon |   8369 |   8173 |    196 |   2351 |   4103 |   6 | 1394.8 |
        Temple |     89 |     89 |      0 |      0 |     75 |   1 |   89.0 |
         Sewer |   1761 |   1761 |      0 |   1203 |    156 |   1 | 1761.0 |
               +--------+--------+--------+--------+--------+-----+--------+

Top non-repeatable levels by time:
     D:5: 1763 daAuts
   Sewer: 1761 daAuts
     D:2: 1670 daAuts
     D:4: 1473 daAuts
     D:1: 1406 daAuts
     D:3: 1246 daAuts
     D:6: 808 daAuts
  Temple: 89 daAuts
